 Dungeon Crawl Stone Soup version 0.28-b1-25-g9875b3fc8c (webtiles) character file.

Game seed: 13022288382286990396

309 croobank the Covert (level 6, -4/47 HPs)
             Began as a Vampire Delver on Feb 1, 2022.
             Was an Initiate of Trog.
             Killed by an exploding water moccasin (42 damage)
             ... ignited by their inner flame
             ... on level 3 of the Dungeon.
             The game lasted 00:15:15 (2403 turns).

croobank the Covert (Vampire Delver)                Turns: 2403, Time: 00:15:16

Health: -4/47      AC:  3    Str: 13    XL:     6   Next: 17%
Magic:  6/6        EV: 16    Int: 13    God:    Trog [......]
Gold:   126        SH:  0    Dex: 15    Spells: 5/5 levels left

rFire   . . .      SeeInvis +   a - +0 short sword
rCold   . . .      Faith    .   (no shield)
rNeg    . . .      Spirit   .   b - +0 leather armour
rPois   .          Reflect  .   (no helmet)
rElec   .          Harm     .   (no cloak)
rCorr   .          Rampage  .   (no gloves)
Will    +....                   (no boots)
Stlth   ++++......              (no amulet)
HPRegen 0.35/turn               n - +4 ring of evasion
MPRegen 0.10/turn               f - ring of willpower

@: lethally poisoned (-4 -> -13), about to teleport, healing quickly
A: alive, fangs 3, see invisible, vampiric 2
a: Exsanguinate, Renounce Religion


You were on level 3 of the Dungeon.
You worshipped Trog.
Trog was noncommittal.
You visited 1 branch of the dungeon, and saw 5 of its levels.

You collected 126 gold pieces.

Inventory:

Hand Weapons
 a - a +0 short sword (weapon)
Missiles
 i - 74 sling bullets
 l - 49 stones
 r - 19 bolts
 u - 8 poisoned darts (quivered)
Armour
 b - a +0 leather armour (worn)
 k - the +0 robe "Itetsin" {rC++}
   (You found it on level 2 of the Dungeon)

   rC:        It greatly protects you from cold.
Magical Staves
 s - a staff of conjuration
 t - a staff of fire
Jewellery
 f - a ring of willpower (right hand)
 h - a ring of resist corrosion
 n - a +4 ring of evasion (left hand)
Wands
 g - a wand of digging (3)
Scrolls
 c - a scroll of fog
 d - 2 scrolls of magic mapping
 e - a scroll of silence {unknown}
 m - a scroll of teleportation
 o - a scroll of amnesia {unknown}
 w - a scroll of summoning {unknown}
Potions
 j - a potion of degeneration {unknown}
 p - 2 potions of might {unknown}
 v - a potion of curing


   Skills:
 + Level 3.2 Fighting
 + Level 3.5 Short Blades
 + Level 1.5 Throwing
 + Level 2.0 Armour
 + Level 3.4 Dodging
 + Level 8.6 Stealth


You had 5 spell levels left.
You didn't know any spells.
Your spell library contained the following spells:

 Spells                   Type           Power      Damage    Failure   Level
 Ozocubu's Armour         Ice            0%         N/A       75%         3
 Portal Projectile        Hex/Tloc       0%         N/A       75%         3
 Blade Hands              Tmut           0%         N/A       100%        5
 Excruciating Wounds      Necr           0%         N/A       100%        5
 Ozocubu's Refrigeration  Ice            0%         4d5       100%        7


Dungeon Overview and Level Annotations

Branches:
Dungeon (5/15)
 Temple: D:4-7

Altars:
Kikubaaqudgha
Trog

Shops:
D:1 (

Annotations:
D:4 Edmund, Eustachio


Innate Abilities, Weirdness & Mutations

Your natural rate of healing is accelerated.
You have razor-sharp teeth.
You have supernaturally acute eyesight. (SInv)
You are afflicted with vampirism and can become a bat while bloodless.


Message History

You remove your ring of resist corrosion.
n - a +4 ring of evasion (left hand)
You start resting.
HP restored.
You climb upwards.
The water moccasin hisses angrily.
The water moccasin misses you.
There is a stone staircase leading down here.
Okay, then.
Really read the scroll of immolation?
As you read the scroll of immolation, it crumbles to dust.
The creatures around you are filled with an inner flame!
The water moccasin bites you. The water moccasin misses you.
You hit the water moccasin but do no damage.
Flame seeps out of the water moccasin.
You bite the water moccasin.
The water moccasin is lightly wounded.
The water moccasin is engulfed in blazing flames.
Flame seeps out of the water moccasin.
The water moccasin barely misses you.
As you read the scroll of teleportation, it crumbles to dust.
You feel strangely unstable.
The water moccasin is engulfed in blazing flames.
Flame seeps out of the water moccasin.
The water moccasin bites you.
You are poisoned.
The water moccasin poisons you!
You miss the water moccasin. Your bite misses the water moccasin.
The water moccasin is heavily wounded.
You feel very sick.
The water moccasin is engulfed in blazing flames.
Flame seeps out of the water moccasin.
The water moccasin misses you.
The water moccasin is engulfed in blazing flames.
Flame seeps out of the water moccasin.
The water moccasin closely misses you.
You hit the water moccasin but do no damage.
The water moccasin is almost dead.
You feel sick.
The water moccasin is engulfed in blazing flames.
Trog accepts your kill.
The water moccasin explodes!
The fiery explosion engulfs you!!!
Ouch! That really hurt!
You die...

### #########.#
(.........# #########.#
#.# #######S# #.......#
#.################
#########@.......)......<.
#.......§°....############
#.#######§###.# #...#.#
#...#.# #...#)#
#...#)#######
#............
##..#########


There were no monsters in sight!

Vanquished Creatures
  A water moccasin (D:3)
  A centaur (D:5)
  A water moccasin skeleton (D:4)
  A jelly (D:4)
  An orc priest (D:3)
  A hound skeleton (D:4)
  3 adders (D:2)
  2 dart slugs (D:1)
  3 orcs (D:3)
  6 endoplasms
  12 giant cockroaches
  7 goblins
  5 hobgoblins
  8 kobolds
  2 quokkas
  4 ball pythons
  7 bats
  A frilled lizard (D:1)
  3 rats
69 creatures vanquished.

Vanquished Creatures (others)
  A quokka (D:3)
1 creature vanquished.

Grand Total: 70 creatures vanquished

Notes
Turn   | Place    | Note
-------+----------+-------------------------------------------
     0 | D:5      | croobank the Vampire Delver began the quest for the Orb.
     0 | D:5      | Reached XP level 1. HP: 17/17 MP: 1/1
    13 | D:5      | Noticed an iguana
    37 | D:5      | Noticed a howler monkey
    70 | D:4      | Noticed Eustachio
   253 | D:3      | Reached XP level 2. HP: 13/23 MP: 2/2
   458 | D:2      | Identified the +0 robe "Itetsin" {rC++}
   704 | D:1      | Gained mutation: You are afflicted with vampirism and can
                  | become a bat while bloodless. [Vampire growth]
   704 | D:1      | Reached XP level 3. HP: 28/28 MP: 3/3
   719 | D:1      | Found a faded altar of an unknown god.
   932 | D:1      | Reached skill level 8 in Stealth
   968 | D:1      | Found Heps's Antique Weapon Emporium.
  1325 | D:2      | Reached skill level 1 in Armour
  1406 | D:2      | Reached XP level 4. HP: 32/34 MP: 4/4
  1591 | D:2      | Found an ancient bone altar of Kikubaaqudgha.
  1913 | D:3      | Noticed a water moccasin
  2165 | D:4      | Noticed Edmund
  2190 | D:4      | Reached skill level 1 in Throwing
  2190 | D:4      | Reached XP level 5. HP: 23/41 MP: 5/5
  2231 | D:5      | Noticed a centaur
  2235 | D:5      | Found a bloodstained altar of Trog.
  2239 | D:5      | Became a worshipper of Trog the Wrathful
  2251 | D:5      | Killed a centaur
  2252 | D:5      | Noticed an ogre
  2278 | D:5      | Noticed a centaur warrior zombie
  2291 | D:4      | Reached XP level 6. HP: 15/47 MP: 6/6
  2403 | D:3      | Killed a water moccasin
  2403 | D:3      | Killed by an exploding water moccasin... ignited by their
                  | inner flame

Illustrated notes

Levels and vault maps discovered:
D:1:      minmay_arrival_four_circles, layout_basic, serial_shops,
          nicolae_shop_window_shopping, dilly_ecumenical_altar_fadedgnrine
D:2:      minmay_roachtagon, layout_basic, basic_altar
D:3:      layout_basic
D:4:      layout_cave_pools, uniq_eustachio, uniq_edmund
D:5:      layout_rooms, kennysheep_mini_moat,
          minmay_temple_entry_enclosed_plants

Skill      XL: |  1  2  3  4  5 |
---------------+----------------+-----
Stealth        | 8 |  8.6
Armour         | 1 2 |  2.0
Fighting       | 3 |  3.2
Short Blades   | 3 |  3.5
Throwing       | 1 |  1.5
Dodging        | 3 |  3.4

Action                   |  1- 3 |  4- 6 || total
-------------------------+-------+-------++-------
Melee: Short sword       |   111 |    92 ||   203
       Bite              |    10 |    13 ||    23
       Punch             |     2 |     2 ||     4
Throw: Dart              |     4 |    23 ||    27
  Use: Scroll            |     5 |     3 ||     8
       Potion            |       |     5 ||     5
 Stab: Sleeping          |    15 |       ||    15
       Distracted        |       |     2 ||     2
       Invisible         |       |     1 ||     1
Armor: Leather armour    |    30 |    18 ||    48
Dodge: Dodged            |    64 |    72 ||   136
